Arrhythmia, chaotic female vampiric Convict ------- ------- |......#################......| -------- |...I.| # ##|.....| |......| #%...I@+# ##+.....| #.......| ###|...I^|# ###|.....+######|...)..| # -.-|---# ###------- |......|############### ### 0 # # # ############### |......|# -----.- # ##### # + # # |...%..|# |.....| # # # # # # ### ---.----# #-.....| # #######0################################### ###|.....| -------# # # # #### # # ------- |.....|# ### #### # # ### ### |.....|# #-.-----------+-# ### # # |..>...# #|...(.%.......|# # ## ### |.....| #|..............# ### ---|--# ------- #+.............| # |....|# |.............+####### |.....# --------------- ------ Arrhythmia the Jail-bird Experience level: 7 Strength: 18/01 Dexterity: 11 Constitution: 20 Intelligence: 9 Wisdom: 9 Charisma: 8 Health: 0(77) Energy: 46(46) AC: 0 Gold: 169 Moves: 2645 Your Inventory: Coins $ - 169 gold pieces Armor b - an uncursed +0 striped shirt n - a cursed +0 pair of gloves called Dex [gauntlets of dexterity] (being worn) o - an [uncursed] +0 dwarvish mithril-coat (being worn) p - an [uncursed] +0 hard hat [dwarvish iron helm] (being worn) z - an [uncursed] +0 leather cloak (being worn) Comestibles R - an [uncursed] Hot Futa Mare Dick named Lucky Charm Tools f - an [uncursed] bag called sack [sack] u - an [uncursed tallow] candle J - an [uncursed] towel Gems S - an [uncursed] black gem [jet] Iron balls c - an [uncursed] heavy iron ball (weapon in hand) Contents of the sack: 631 gold pieces an [uncursed] scroll labeled ANDOVA BEGARIN [of identify] an [uncursed] scroll labeled ELBIB YLOH [of teleportation] an [uncursed] scroll labeled READ ME [of fire] an [uncursed] dark green spellbook [of extra healing] a [blessed] icy potion [of sickness] a [cursed] luminescent potion [of confusion] an [uncursed] murky potion [of gain energy] a [cursed] murky potion [of gain energy] a [blessed] slimy potion [of sleeping] an [uncursed] agate ring [of stealth] an [uncursed] gold ring [of teleport control] an [uncursed] jet ring [of searching] an [uncursed] platinum ring [of poison resistance] an [uncursed] blue gem [worthless glass] 2 [uncursed] green gems [jade] an [uncursed] white gem [worthless glass] an [uncursed] yellow gem [worthless glass] Spells known in the end: Name Level Category Fail Memory Your skills at the end: Fighting Skills Weapon Skills sling [Basic / Skilled] Spellcasting Skills Final Attributes: You were piously aligned. Hunger level was 281. Your alignment was 23 / 23. Monster difficulty range was 0 - 6. Level difficulty was 5. You were immune to poison. You were immune to level-drain. You were immune to sickness. You were blinded. You could fly. You could survive without air. You regenerated. You were lucky (1). You are dead. Vanquished creatures: a small mimic 2 leprechauns an ape 5 enormous rats a violet fungus a gnome lord a gray ooze a giant ant a floating eye 2 dwarves 2 coyotes 2 hobbits a hobgoblin 5 giant rats a green mold 12 gnomes 3 geckos 2 jackals 2 foxes a goblin 2 sewer rats 11 grid bugs 3 lichens 8 newts 71 creatures vanquished. Voluntary challenges: You went without food. You were illiterate. You never hit with a wielded weapon. You put on armor 5 times. You never genocided any monsters. You never polymorphed an object. You never changed form. You used no wishes. You abstained from Elbereth's help. You never encountered a bones level. You never used any Sokoban shortcuts. Dungeon overview: The Dungeons of Doom: levels 1 to 5 Level 1 some fountains a long staircase Level 2 a scroll shop stairs to The Gnomish Mines Level 4 a general store, a fountain Level 5 <- You were here The Gnomish Mines: Level 3 stairs to The Dungeons of Doom History has recorded: On T:1 you entered the Dungeons of Doom to retrieve the Amulet of Yendor! On T:356 you reached level 2 of The Dungeons of Doom. On T:361 you advanced to experience level 2. On T:739 you advanced to experience level 3. On T:786 you advanced to experience level 4. On T:988 you reached level 3 of The Dungeons of Doom. On T:1109 you advanced to experience level 5. On T:1236 you reached level 4 of The Dungeons of Doom. On T:1508 you reached level 5 of The Dungeons of Doom. On T:1638 you reached level 1 of The Gnomish Mines. On T:1642 you advanced to experience level 6. On T:2384 you advanced to experience level 7. Latest messages: You bite it. It hits! It misses. (2x) It bites! [HP-11=39] You kill it! It stole a towel. It bites! It hits! [HP-15=24] Wait! There's something there you can't see! It hits! [HP-10=14] You begin praying to Tymora. You feel something move nearby. (8x) You finish your prayer. You feel that Tymora is well-pleased. Your chain disappears. [3 turns] You kill it! It hits! (2x) You die... Final status: Goodbye Arrhythmia the Convict... You died in The Dungeons of Doom on dungeon level 5 with 3038 points, and 800 pieces of gold, after 2645 moves. You were level 7 with a maximum of 77 hit points when you died.